 Dungeon Crawl Stone Soup version 0.30.1-9-gdf580d7c3d (webtiles) character file.

Game seed: 9260574879051363123

293 lonewolfV2 the Shield-Bearer (level 6, -9/48 HPs)
             Began as a Formicid Fighter on Sept 27, 2023.
             Killed themself with a badly aimed iceblast (23 damage)
             ... on level 2 of the Dungeon.
             The game lasted 00:02:09 (1373 turns).

lonewolfV2 the Shield-Bearer (Formicid Fighter)     Turns: 1373, Time: 00:02:11

Health: -9/48      AC:  7    Str: 21    XL:     6   Next: 60%
Magic:  6/6        EV: 10    Int:  7    God:
Gold:   189        SH:  5    Dex: 15    Spells: 5/5 levels left

rFire   . . .        a - +0 war axe
rCold   . . .        c - +0 buckler
rNeg    . . .        b - +0 scale mail
rPois   .            (helmet unavailable)
rElec   .            (no cloak)
rCorr   .            (no gloves)
SInv    +            (no boots)
Will    .....        (no amulet) Stlth
                     (no ring)
HPRegen 0.28/turn    (no ring)
MPRegen 0.10/turn

%: no passive effects
@: no status effects
A: permanent stasis, dig shafts and tunnels, antennae 3, four strong arms
a: Dig, Shaft Self


You were on level 2 of the Dungeon.
You visited 1 branch of the dungeon, and saw 4 of its levels.

You collected 189 gold pieces.

Inventory:

Hand Weapons
 a - a +0 war axe (weapon)
Armour
 b - a +0 scale mail (worn)
 c - a +0 buckler (worn)
Wands
 n - a wand of iceblast (3)
Scrolls
 g - a scroll of amnesia {unknown}
 h - a scroll of blinking {unknown}
 k - a scroll of noise {unknown}
 m - a scroll of identify
Potions
 e - a potion of flight
 f - a potion of curing {unknown}
 i - a potion of attraction {unknown}
 j - 3 potions of degeneration {unknown}
 l - a potion of berserk rage {unknown}


   Skills:
 + Level 4.2 Fighting
 + Level 4.1 Axes
 + Level 4.4 Armour
 + Level 1.3 Dodging
 + Level 0.7 Stealth
 + Level 5.3 Shields


You had 5 spell levels left.
You didn't know any spells.
Your spell library contained the following spells:

 Spells                   Type           Power      Damage    Failure   Level
 Magic Dart               Conj           0%         1d3       83%         1
 Call Imp                 Summ           0%         N/A       92%         2
 Mephitic Cloud           Conj/Pois/Air  0%         N/A       99%         3
 Fireball                 Conj/Fire      0%         3d3       100%        5
 Iskenderun's Battlesphe  Conj           0%         2d6       100%        5
 Conjure Ball Lightning   Conj/Air       0%         3x3d6     100%        6
 Orb of Destruction       Conj           0%         9d5       100%        7


Dungeon Overview and Level Annotations

Branches:
Dungeon (4/15)
 Temple: D:4-7

Altars:
Okawaru


Innate Abilities, Weirdness & Mutations

You cannot be hasted, slowed, berserked, paralysed or teleported.
You can dig through walls and to a lower floor.
You have a pair of large antennae on your head. (SInv)
Your four strong arms can wield two-handed weapons with a shield.


Message History

The cerulean imp barely misses you. Natasha claws you.
You closely miss Natasha.
Natasha is lightly wounded.
The cerulean imp hits you but does no damage.
You block Natasha's attack.
The cerulean imp hits you from afar with a +0 spear.
Natasha claws you!
You miss Natasha.
Natasha is lightly wounded.
The cerulean imp hits you from afar with a +0 spear.
Natasha howls an incantation.
Natasha shimmers violently.
Natasha stares at you and mumbles some strange words.
The magic dart hits you!
You closely miss Natasha.
Natasha is lightly wounded.
The cerulean imp hits you but does no damage.
Natasha claws you.
You hit Natasha.
Natasha is moderately wounded.
The cerulean imp hits you from afar with a +0 spear.
* * * LOW HITPOINT WARNING * * *
Natasha casts a spell.
The cerulean imp hits you but does no damage.
You block Natasha's attack.
Aiming: Iceblast
Press: ? - help, Q - select action, (/) - cycle Shift-Dir - straight line, f - Natasha
Aim: Natasha (moderately wounded) That beam is likely to hit you.
Continue anyway? [Y]es or [N]o only, please.
That beam is likely to hit you.
Continue anyway? [Y]es or [N]o only, please.
That beam is likely to hit you.
Continue anyway?
The mass of ice explodes!
The iceblast engulfs Natasha!
You kill Natasha!
Natasha yowls pathetically as she dies!
The cerulean imp disappears in a puff of smoke!
The cerulean imp disappears in a puff of smoke!
The iceblast engulfs you!!
You die...

#.# .# #.# .#
#####.### ##.##
###........ #...
....#.#.### #..#
#......## #..#
###.....# #.###..#
##...## #ยงยง.@..#
##.## #####.## #.#
#......# #.#
#.###..#### ##'## #.#
#.....# ##...## #.#
##.##.# ##.....# #.#
#..#.# ##.......
#.####....###........
#...........+........


There were no monsters in sight!

Vanquished Creatures
  Sigmund (D:2)
  Pargi (D:3)
  Natasha (D:2)
  An adder (D:2)
  A dart slug (D:1)
  2 ball pythons
  6 endoplasms
  2 giant cockroaches
  A goblin (D:1)
  2 hobgoblins
  A kobold (D:1)
  A quokka (D:2)
  5 bats
  A frilled lizard (D:2)
  2 rats
28 creatures vanquished.

Notes
Turn   | Place    | Note
-------+----------+-------------------------------------------
     0 | D:1      | lonewolfV2 the Formicid Fighter began the quest for the
                  | Orb.
     0 | D:1      | Reached XP level 1. HP: 18/18 MP: 1/1
   207 | D:1      | Reached XP level 2. HP: 24/24 MP: 2/2
   317 | D:1      | Found a faded altar of an unknown god.
   469 | D:2      | Found an iron altar of Okawaru.
   611 | D:2      | Reached XP level 3. HP: 26/29 MP: 3/3
   924 | D:2      | Noticed Sigmund
   940 | D:2      | Killed Sigmund
   941 | D:2      | Reached skill level 1 in Dodging
   941 | D:2      | Reached skill level 5 in Shields
   941 | D:2      | Reached XP level 4. HP: 19/37 MP: 4/4
   941 | D:2      | Reached XP level 5. HP: 22/42 MP: 5/5
   941 | D:2      | Reached XP level 6. HP: 25/48 MP: 6/6
  1131 | D:2      | You fall into a shaft and drop 2 floors!
  1158 | D:3      | Noticed Pargi
  1168 | D:3      | Killed Pargi
  1360 | D:2      | Noticed Natasha
  1373 | D:2      | Killed Natasha
  1373 | D:2      | Killed themself with a badly aimed iceblast

Illustrated notes

Levels and vault maps discovered:
D:1:      lightli_arrival_quake, layout_basic, ebering_ecumenical_altar_rust
D:2:      layout_loops_corners, basic_altar, uniq_sigmund, uniq_natasha
D:3:      layout_rooms, gammafunk_temple_overflow_elements, uniq_pargi,
          uniq_robin
D:4:      layout_basic, minmay_temple_entry_enclosed_plants,
          gup_sewer_entry_bubbles, wad_floor_pattern_untrapped, minmay_pentangle

Skill      XL: |  1  2  3  4  5  6 |
---------------+-------------------+-----
Fighting       | 4 |  4.2
Axes           | 3 4 |  4.1
Armour         | 4 |  4.4
Dodging        | 1 |  1.3
Shields        | 5 |  5.3
Stealth        | |  0.7

Action                     |  1- 3 |  4- 6 || total
---------------------------+-------+-------++-------
  Melee: War axe           |    75 |    25 ||   100
    Use: Scroll            |     2 |       ||     2
         Potion            |       |     1 ||     1
 Armour: Scale mail        |    30 |    24 ||    54
  Dodge: Dodged            |    28 |    18 ||    46
  Block: Buckler           |    28 |    16 ||    44
